| TOP OF THE 1ST |
|
Princeton Rays batting - Pitching for Greeneville Astros : LHP Jeremy Mellott
|
|
Pitching: LHP Jeremy Mellott
|
|
|
Batting: RHB Wan-ling Zhu
|
0-0: Foul Ball, location: 2F 0-1: Swinging Strike 0-2: Foul Ball, location: 2F 0-2: Strikes out looking
|
|
Batting: SHB Omar Cervantes
|
0-0: Ball 1-0: Called Strike 1-1: Foul Ball, location: 2F 1-2: Foul Ball, location: 2F 1-2: Strikes out swinging
|
|
Batting: LHB Dave Northam
|
0-0: Swinging Strike 0-1: Ball 1-1: Swinging Strike 1-2: Foul Ball, location: 2F 1-2: Foul Ball, location: 2F 1-2: Strikes out swinging
|
| Top of the 1st over - 0 runs, 0 hits, 0 errors, 0 left on base; Princeton 0 - Greeneville 0 |
| BOTTOM OF THE 1ST |
|
Greeneville Astros batting - Pitching for Princeton Rays : LHP Han Keijzer
|
|
Pitching: LHP Han Keijzer
|
|
|
Batting: LHB Lou Toth
|
0-0: Ball 1-0: Swinging Strike 1-1: Ball 2-1: Foul Ball, location: 2F 2-2: Ball 3-2: Fly out, F3 (Popup, 3F, EV 64.4 MPH)
|
|
Batting: RHB John Moore
|
0-0: Foul Ball, location: 2F 0-1: DOUBLE (Line Drive, 9LS, EV 106.9 MPH)
|
|
Batting: RHB Juan Mendoza
|
0-0: Swinging Strike 0-1: Foul Ball, location: 2F 0-2: 2-RUN HOME RUN (Line Drive, 7LD, EV 99.4 MPH), Distance : 361 ft
|
|
Batting: RHB Areda Obote
|
0-0: Called Strike 0-1: Foul Ball, location: 2F 0-2: Foul Ball, location: 2F 0-2: Fly out, F9 (Line Drive, 9LS, EV 90.0 MPH)
|
|
Batting: RHB Roger Pelley
|
0-0: Ball 1-0: Swinging Strike 1-1: Swinging Strike 1-2: Ball 2-2: Ball 3-2: Base on Balls
|
|
Batting: SHB Terciero Ortiz
|
0-0: SINGLE (Groundball, 6, EV 99.4 MPH) Roger Pelley to second
|
|
Batting: LHB Guadalupe Gonzalez
|
0-0: DOUBLE (Line Drive, 78M, EV 101.2 MPH) Roger Pelley scores Terciero Ortiz to third
|
|
Batting: RHB Josh Reisner
|
0-0: Called Strike 0-1: SINGLE (Groundball, 56D, EV 103.8 MPH) Terciero Ortiz scores Guadalupe Gonzalez to third Runner from 3rd tries for Home, throw by LF and OUT! 7-2
|
| Bottom of the 1st over - 4 runs, 5 hits, 0 errors, 1 left on base; Princeton 0 - Greeneville 4 |
| TOP OF THE 2ND |
|
Princeton Rays batting - Pitching for Greeneville Astros : LHP Jeremy Mellott
|
|
Batting: SHB Luis Verduzco
|
0-0: Ball 1-0: Swinging Strike 1-1: Ball 2-1: Called Strike 2-2: SOLO HOME RUN (Flyball, 7LD, EV 98.8 MPH), Distance : 361 ft
|
|
Batting: RHB Tim Dower
|
0-0: Ball 1-0: Ball 2-0: Ball 3-0: Base on Balls
|
|
Batting: RHB Mikey Sano
|
0-0: Swinging Strike 0-1: Foul Ball, location: 2F 0-2: Ball 1-2: Strikes out swinging
|
|
Batting: RHB Dave Valdez
|
0-0: Foul Ball, location: 2F 0-1: Ball 1-1: Ground out 5-3 (Groundball, 56S, EV 61.2 MPH) Tim Dower to second
|
|
Batting: LHB Eduardo Lopez
|
0-0: Called Strike 0-1: Ball 1-1: Called Strike 1-2: Strikes out swinging
|
| Top of the 2nd over - 1 run, 1 hit, 0 errors, 1 left on base; Princeton 1 - Greeneville 4 |
| BOTTOM OF THE 2ND |
|
Greeneville Astros batting - Pitching for Princeton Rays : LHP Han Keijzer
|
|
Batting: RHB Domingas Saragoa
|
0-0: Ball 1-0: Called Strike 1-1: Ball 2-1: Ball 3-1: Base on Balls
|
|
Batting: LHB Lou Toth
|
0-0: Foul Ball, location: 2F 0-1: Ball 1-1: Fly out, F8 (Line Drive, 8RD, EV 96.2 MPH)
|
|
Batting: RHB John Moore
|
0-0: Ball 1-0: Ball 2-0: 2-RUN HOME RUN (Flyball, 9D, EV 93.1 MPH), Distance : 358 ft
|
|
Batting: RHB Juan Mendoza
|
0-0: Foul Ball, location: 2F 0-1: Ball 1-1: Ball 2-1: Ball 3-1: Base on Balls
|
|
Pitching: RHP Michito Higashi
|
|
|
Batting: RHB Areda Obote
|
0-0: Ball 1-0: Ball 2-0: Ball 3-0: Called Strike 3-1: Base on Balls Juan Mendoza to second
|
|
Batting: RHB Roger Pelley
|
0-0: Called Strike 0-1: Swinging Strike 0-2: Foul Ball, location: 2F 0-2: Strikes out swinging
|
|
Batting: SHB Terciero Ortiz
|
0-0: Called Strike 0-1: Ground out 4-3 (Groundball, 4, EV 86.9 MPH)
|
| Bottom of the 2nd over - 2 runs, 1 hit, 0 errors, 2 left on base; Princeton 1 - Greeneville 6 |
| TOP OF THE 3RD |
|
Princeton Rays batting - Pitching for Greeneville Astros : LHP Jeremy Mellott
|
|
Batting: RHB Bogumil Filipowski
|
0-0: Foul Ball, location: 2F 0-1: Ball 1-1: Ball 2-1: Swinging Strike 2-2: Foul Ball, location: 2F 2-2: Strikes out swinging, 2-3 out at first.
|
|
Batting: RHB Wan-ling Zhu
|
0-0: Ball 1-0: Ball 2-0: Called Strike 2-1: Called Strike 2-2: Foul Ball, location: 2F 2-2: Ball 3-2: Ground out 6-3 (Groundball, 6, EV 95.0 MPH)
|
|
Batting: SHB Omar Cervantes
|
0-0: Foul Ball, location: 2F 0-1: Foul Ball, location: 2F 0-2: Ball 1-2: Ball 2-2: Ball 3-2: Foul Ball, location: 2F 3-2: Foul Ball, location: 2F 3-2: Base on Balls
|
|
Batting: LHB Dave Northam
|
0-0: Ball 1-0: Ball 2-0: Called Strike 2-1: Ball Passed Ball! Omar Cervantes to second 3-1: Foul Ball, location: 2F 3-2: Ground out 6-3 (Groundball, 6, EV 86.2 MPH)
|
| Top of the 3rd over - 0 runs, 0 hits, 0 errors, 1 left on base; Princeton 1 - Greeneville 6 |
| BOTTOM OF THE 3RD |
|
Greeneville Astros batting - Pitching for Princeton Rays : RHP Michito Higashi
|
|
Batting: LHB Guadalupe Gonzalez
|
0-0: Ball 1-0: Called Strike 1-1: Ball 2-1: Swinging Strike 2-2: Ball 3-2: Base on Balls
|
|
Batting: RHB Josh Reisner
|
0-0: Called Strike Guadalupe Gonzalez steals 2nd base 0-1: Ground out U3 (Groundball, 34, EV 108.1 MPH) Guadalupe Gonzalez to third
|
|
Batting: RHB Domingas Saragoa
|
0-0: Ball 1-0: Ball 2-0: Called Strike 2-1: Ball 3-1: Base on Balls
|
|
Batting: LHB Lou Toth
|
0-0: Ball 1-0: Ball 2-0: Ball 3-0: Base on Balls Domingas Saragoa to second
|
|
Batting: RHB John Moore
|
0-0: Ball 1-0: Fielders Choice at 2nd, 5-4 (Groundball, 56S, EV 82.5 MPH) Guadalupe Gonzalez scores Domingas Saragoa to third
|
|
Batting: RHB Juan Mendoza
|
0-0: Ball 1-0: Ball 2-0: Ball 3-0: Base on Balls John Moore to second
|
|
Batting: RHB Areda Obote
|
0-0: SINGLE (Groundball, 6D, EV 100.6 MPH) Domingas Saragoa scores John Moore to third Juan Mendoza to second Runner from 3rd tries for Home, throw by CF and OUT! 8-2
|
| Bottom of the 3rd over - 2 runs, 1 hit, 0 errors, 2 left on base; Princeton 1 - Greeneville 8 |
| TOP OF THE 4TH |
|
Princeton Rays batting - Pitching for Greeneville Astros : LHP Jeremy Mellott
|
|
Batting: SHB Luis Verduzco
|
0-0: Ball 1-0: Called Strike 1-1: Ball 2-1: Swinging Strike 2-2: Strikes out swinging
|
|
Batting: RHB Tim Dower
|
0-0: Ball 1-0: Foul Ball, location: 2F 1-1: Ball 2-1: SINGLE (Groundball, 34, EV 100.6 MPH)
|
|
Batting: RHB Mikey Sano
|
0-0: Ball 1-0: Foul Ball, location: 2F 1-1: SINGLE (Line Drive, 9S, EV 96.2 MPH) Tim Dower to second
|
|
Batting: RHB Dave Valdez
|
0-0: Called Strike 0-1: Called Strike 0-2: Strikes out swinging
|
|
Batting: LHB Eduardo Lopez
|
0-0: Called Strike 0-1: SINGLE (Groundball, 25, EV 72.5 MPH) (infield hit) Tim Dower to third Mikey Sano to second
|
|
Batting: RHB Bogumil Filipowski
|
0-0: Called Strike 0-1: Foul Ball, location: 2F 0-2: Foul Ball, location: 2F 0-2: Ball Balk! Tim Dower scores Mikey Sano to third Eduardo Lopez to second 1-2: Strikes out looking
|
| Top of the 4th over - 1 run, 3 hits, 0 errors, 2 left on base; Princeton 2 - Greeneville 8 |
| BOTTOM OF THE 4TH |
|
Greeneville Astros batting - Pitching for Princeton Rays : RHP Michito Higashi
|
|
Batting: RHB Roger Pelley
|
0-0: Ball 1-0: Swinging Strike 1-1: Fly out, F8 (Line Drive, 8RM, EV 91.9 MPH)
|
|
Batting: SHB Terciero Ortiz
|
0-0: Called Strike 0-1: Ball 1-1: Ball 2-1: SINGLE (Groundball, 3S, EV 72.5 MPH) (infield hit)
|
|
Batting: LHB Guadalupe Gonzalez
|
0-0: Called Strike 0-1: Ball 1-1: DOUBLE (Line Drive, 7LM, EV 92.5 MPH) Terciero Ortiz to third Runner from 3rd tries for Home, throw by LF and OUT! 7-6-2
|
|
Batting: RHB Josh Reisner
|
0-0: Swinging Strike 0-1: Swinging Strike 0-2: Ball 1-2: Ball 2-2: Ball 3-2: Strikes out swinging
|
| Bottom of the 4th over - 0 runs, 2 hits, 0 errors, 1 left on base; Princeton 2 - Greeneville 8 |
| TOP OF THE 5TH |
|
Princeton Rays batting - Pitching for Greeneville Astros : LHP Jeremy Mellott
|
|
Pitching: RHP Tim Evans
|
|
|
Batting: RHB Wan-ling Zhu
|
0-0: Ball 1-0: Fly out, F7 (Flyball, 78S, EV 76.9 MPH)
|
|
Batting: SHB Omar Cervantes
|
0-0: Ball 1-0: Ball 2-0: Swinging Strike 2-1: Foul Ball, location: 2F 2-2: Foul Ball, location: 2F 2-2: Foul Ball, location: 2F 2-2: Ground out 4-3 (Groundball, 4, EV 76.2 MPH)
|
|
Batting: LHB Dave Northam
|
0-0: Ball 1-0: Called Strike 1-1: Foul Ball, location: 2F 1-2: Foul Ball, location: 2F 1-2: SINGLE (Line Drive, 4D, EV 93.8 MPH)
|
|
Batting: SHB Luis Verduzco
|
0-0: Fly out, F7 (Line Drive, 7, EV 92.5 MPH)
|
| Top of the 5th over - 0 runs, 1 hit, 0 errors, 1 left on base; Princeton 2 - Greeneville 8 |
| BOTTOM OF THE 5TH |
|
Greeneville Astros batting - Pitching for Princeton Rays : RHP Michito Higashi
|
|
Batting: RHB Domingas Saragoa
|
0-0: Ball 1-0: Called Strike 1-1: Foul Ball, location: 2F 1-2: Strikes out looking
|
|
Batting: LHB Lou Toth
|
0-0: Ball 1-0: Ball 2-0: Called Strike 2-1: Swinging Strike 2-2: Ball 3-2: Foul Ball, location: 2F 3-2: Foul Ball, location: 2F 3-2: Foul Ball, location: 2F 3-2: Base on Balls
|
|
Pitching: RHP J.P. Taylor
|
|
|
Batting: RHB John Moore
|
0-0: Ball Lou Toth steals 2nd base (no throw) 1-0: Ball 2-0: Ground out 6-3 (Groundball, 6, EV 90.6 MPH) Lou Toth to third
|
|
Batting: RHB Juan Mendoza
|
0-0: Called Strike 0-1: Ball 1-1: Ball 2-1: Foul Ball, location: 2F 2-2: Fly out, F8 (Flyball, 89XD, EV 106.2 MPH)
|
| Bottom of the 5th over - 0 runs, 0 hits, 0 errors, 1 left on base; Princeton 2 - Greeneville 8 |
| TOP OF THE 6TH |
|
Princeton Rays batting - Pitching for Greeneville Astros : RHP Tim Evans
|
|
Batting: RHB Tim Dower
|
0-0: DOUBLE (Groundball, 5L, EV 97.5 MPH)
|
|
Pinch Hitting: SHB Ray Luna
|
0-0: SINGLE (Groundball, 6M, EV 95.0 MPH) (infield hit) Tim Dower to third
|
|
Pinch Hitting: SHB Berthold Frey
|
0-0: Ball 1-0: Ball Wild Pitch! Tim Dower scores Ray Luna to second 2-0: Ball 3-0: Called Strike 3-1: Base on Balls
|
|
Batting: LHB Eduardo Lopez
|
0-0: Ball 1-0: Swinging Strike 1-1: Ball 2-1: Swinging Strike 2-2: Ball 3-2: Strikes out swinging
|
|
Batting: RHB Bogumil Filipowski
|
0-0: Fly out, F8 (Flyball, 8RS, EV 85.0 MPH)
|
|
Batting: RHB Wan-ling Zhu
|
0-0: Ball 1-0: Swinging Strike 1-1: Foul Ball, location: 2F 1-2: Ground out 6-3 (Groundball, 6S, EV 60.0 MPH)
|
| Top of the 6th over - 1 run, 2 hits, 0 errors, 2 left on base; Princeton 3 - Greeneville 8 |
| BOTTOM OF THE 6TH |
|
Greeneville Astros batting - Pitching for Princeton Rays : RHP J.P. Taylor
|
|
Now at 1B: Oscar Curiel
|
|
|
Now at 2B: Ray Luna
|
|
|
Batting: RHB Areda Obote
|
0-0: DOUBLE (Line Drive, 89M, EV 106.9 MPH)
|
|
Batting: RHB Roger Pelley
|
0-0: Ball 1-0: Foul Ball, location: 2F 1-1: Ball 2-1: Ball 3-1: Base on Balls
|
|
Batting: SHB Terciero Ortiz
|
0-0: Ball 1-0: Ball 2-0: Called Strike 2-1: Foul Ball, location: 2F 2-2: Foul Ball, location: 2F 2-2: Foul Ball, location: 2F 2-2: Foul Ball, location: 2F 2-2: Foul Ball, location: 2F 2-2: Foul Ball, location: 2F 2-2: DOUBLE (Line Drive, 7LS, EV 94.4 MPH) Areda Obote scores Roger Pelley to third
|
|
Batting: LHB Guadalupe Gonzalez
|
0-0: Swinging Strike 0-1: Swinging Strike 0-2: Strikes out swinging
|
|
Pitching: RHP Cortez Cruz
|
|
|
Batting: RHB Josh Reisner
|
0-0: Called Strike 0-1: Swinging Strike 0-2: Ball 1-2: Ball 2-2: Ball 3-2: Strikes out swinging
|
|
Batting: RHB Domingas Saragoa
|
0-0: Foul Ball, location: 2F 0-1: Swinging Strike 0-2: Ball 1-2: Ball 2-2: Strikes out looking
|
| Bottom of the 6th over - 1 run, 2 hits, 0 errors, 2 left on base; Princeton 3 - Greeneville 9 |
| TOP OF THE 7TH |
|
Princeton Rays batting - Pitching for Greeneville Astros : RHP Tim Evans
|
|
Batting: SHB Omar Cervantes
|
0-0: Ball 1-0: Called Strike 1-1: Ball 2-1: Foul Ball, location: 2F 2-2: Strikes out looking
|
|
Batting: LHB Dave Northam
|
0-0: Fly out, F7 (Flyball, 7LMF, EV 91.9 MPH)
|
|
Batting: SHB Luis Verduzco
|
0-0: DOUBLE (Groundball, 3L, EV 101.9 MPH)
|
|
Batting: RHB Tim Dower
|
0-0: Ball 1-0: Ground out U3 (Groundball, 3, EV 76.9 MPH)
|
| Top of the 7th over - 0 runs, 1 hit, 0 errors, 1 left on base; Princeton 3 - Greeneville 9 |
| BOTTOM OF THE 7TH |
|
Greeneville Astros batting - Pitching for Princeton Rays : RHP Cortez Cruz
|
|
Batting: LHB Lou Toth
|
0-0: Ball 1-0: Foul Ball, location: 2F 1-1: Ball 2-1: Ball 3-1: Foul Ball, location: 2F 3-2: Base on Balls
|
|
Batting: RHB John Moore
|
0-0: Called Strike 0-1: Ground out 6-3 (Groundball, 6M, EV 103.8 MPH) Lou Toth to second
|
|
Batting: RHB Juan Mendoza
|
0-0: Called Strike 0-1: Ball 1-1: Swinging Strike 1-2: Foul Ball, location: 2F 1-2: Ball 2-2: Foul Ball, location: 2F 2-2: Foul Ball, location: 2F 2-2: Ground out 5-3 (Groundball, 5, EV 77.5 MPH)
|
|
Batting: RHB Areda Obote
|
0-0: Ball 1-0: Called Strike 1-1: Ball 2-1: Foul Ball, location: 2F 2-2: Foul Ball, location: 2F 2-2: SINGLE (Groundball, 56S, EV 71.9 MPH) (infield hit) Lou Toth to third
|
|
Pitching: LHP Min Xue
|
|
|
Batting: RHB Roger Pelley
|
0-0: Ball 1-0: Swinging Strike 1-1: Ball 2-1: Foul Ball, location: 2F 2-2: Ball 3-2: Foul Ball, location: 2F 3-2: Foul Ball, location: 2F 3-2: Foul Ball, location: 2F 3-2: Base on Balls Areda Obote to second
|
|
Batting: SHB Terciero Ortiz
|
0-0: Ball 1-0: Fly out, F8 (Flyball, 8LD, EV 96.9 MPH)
|
| Bottom of the 7th over - 0 runs, 1 hit, 0 errors, 3 left on base; Princeton 3 - Greeneville 9 |
| TOP OF THE 8TH |
|
Princeton Rays batting - Pitching for Greeneville Astros : RHP Tim Evans
|
|
Batting: SHB Ray Luna
|
0-0: Called Strike 0-1: Hit by Pitch
|
|
Pitching: LHP Shane Robinson
|
|
|
Batting: LHB Oscar Curiel
|
0-0: Foul Ball, location: 2F 0-1: Ball 1-1: Fielders Choice at 2nd, 6-4 (Groundball, 6M, EV 102.5 MPH)
|
|
Batting: LHB Eduardo Lopez
|
0-0: Ball 1-0: Ball 2-0: Ball 3-0: Base on Balls Oscar Curiel to second
|
|
Batting: RHB Bogumil Filipowski
|
0-0: Ball 1-0: Ball 2-0: Ball 3-0: Called Strike 3-1: Fly out, F8 (Flyball, 78D, EV 90.0 MPH)
|
|
Batting: RHB Wan-ling Zhu
|
0-0: Called Strike 0-1: Ball 1-1: Ball 2-1: Foul Ball, location: 2F 2-2: Foul Ball, location: 2F 2-2: Ball 3-2: Foul Ball, location: 2F 3-2: Foul Ball, location: 2F 3-2: Base on Balls Oscar Curiel to third Eduardo Lopez to second
|
|
Batting: SHB Omar Cervantes
|
0-0: Foul Ball, location: 2F 0-1: Called Strike 0-2: Strikes out swinging
|
| Top of the 8th over - 0 runs, 0 hits, 0 errors, 3 left on base; Princeton 3 - Greeneville 9 |
| BOTTOM OF THE 8TH |
|
Greeneville Astros batting - Pitching for Princeton Rays : LHP Min Xue
|
|
Batting: LHB Guadalupe Gonzalez
|
0-0: Ball 1-0: Foul Ball, location: 2F 1-1: Ball 2-1: Foul Ball, location: 2F 2-2: Foul Ball, location: 2F 2-2: Foul Ball, location: 2F 2-2: Foul Ball, location: 2F 2-2: Strikes out swinging
|
|
Batting: RHB Josh Reisner
|
0-0: Foul Ball, location: 2F 0-1: DOUBLE (Flyball, 78D, EV 100.6 MPH)
|
|
Batting: RHB Domingas Saragoa
|
0-0: Ball 1-0: Ball 2-0: Foul Ball, location: 2F 2-1: Fly out, F8 (Flyball, 8RM, EV 96.9 MPH)
|
|
Batting: LHB Lou Toth
|
0-0: 2-RUN HOME RUN (Flyball, 7D, EV 95.6 MPH), Distance : 386 ft
|
|
Batting: RHB John Moore
|
0-0: Ball 1-0: Ball 2-0: Called Strike 2-1: Ball 3-1: Base on Balls
|
|
Batting: RHB Juan Mendoza
|
0-0: Swinging Strike 0-1: Swinging Strike 0-2: Ball 1-2: Foul Ball, location: 2F 1-2: Ball 2-2: Strikes out looking
|
| Bottom of the 8th over - 2 runs, 2 hits, 0 errors, 1 left on base; Princeton 3 - Greeneville 11 |
| TOP OF THE 9TH |
|
Princeton Rays batting - Pitching for Greeneville Astros : LHP Shane Robinson
|
|
Batting: LHB Dave Northam
|
0-0: Called Strike 0-1: Ball 1-1: Ball 2-1: Swinging Strike 2-2: Ball 3-2: Ground out U3 (Groundball, 3L, EV 77.5 MPH)
|
|
Batting: SHB Luis Verduzco
|
0-0: Called Strike 0-1: Ball 1-1: Ground out 4-3 (Groundball, 4, EV 78.8 MPH)
|
|
Batting: RHB Tim Dower
|
0-0: Ball 1-0: Ball 2-0: Ball 3-0: Called Strike 3-1: DOUBLE (Groundball, 5L, EV 105.6 MPH)
|
|
Pitching: RHP Max Warburton
|
|
|
Batting: SHB Ray Luna
|
0-0: Ball 1-0: Ball 2-0: Ball 3-0: Base on Balls
|
|
Batting: LHB Oscar Curiel
|
0-0: Ball 1-0: Ball 2-0: Ball 3-0: Base on Balls Tim Dower to third Ray Luna to second
|
|
Batting: LHB Eduardo Lopez
|
0-0: Ball 1-0: Called Strike 1-1: Foul Ball, location: 2F 1-2: Ball 2-2: Fly out, F9 (Flyball, 9, EV 74.4 MPH)
|
| Top of the 9th over - 0 runs, 1 hit, 0 errors, 3 left on base; Princeton 3 - Greeneville 11 |
|